 Dungeon Crawl Stone Soup version 0.19.5 (webtiles) character file.

135303 greprep the Executioner (level 16, -9/147 HPs)
             Began as a Minotaur Fighter on May 25, 2017.
             Was the Champion of Qazlal.
             Killed from afar by a nagaraja (47 damage)
             ... with a poison arrow
             ... on level 2 of the Snake Pit.
             The game lasted 01:56:39 (31542 turns).

greprep the Executioner (Minotaur Fighter)         Turns: 31542, Time: 01:56:40

Health: -9/147     AC: 23    Str: 36    XL:     16   Next: 64%
Magic:  4/9        EV: 15    Int: 15    God:    Qazlal [******]
Gold:   2162       SH: 12    Dex: 12    Spells: 0 memorised, 20 levels left

rFire  + + +     SeeInvis +     a - +7 battleaxe of Eternal Vigilance {chop, Str+7}
rCold  + + .     Gourm    .     p - +2 plate armour {rF+}
rNeg   . . .     Faith    .     (shield currently unavailable)
rPois  x         Spirit   .     c - +0 hat {MR+}
rElec  +         Reflect  +     e - +2 cloak
rCorr  .         Harm     .     J - +0 pair of gloves of Subjectivity {rC++}
MR     ++...     NoTele   +     P - +0 pair of boots "Keibban" {rElec Int+4}
Stlth  ..........               X - amulet of Vusuc {Reflect rF+ MP-9 Int+6 SH+4 SInv}
                                m - ring "Xaumew" {Wiz rF+ Slay+4 Stlth-}
                                k - ring "Luuppifi" {-Tele rElec rF+ Str+3 Stlth+}

@: lethally poisoned (-9 -> -20), poison vulnerable, protected from physical
damage, very slightly contaminated, hasted, repel missiles, very quick
A: retaliatory headbutt, horns 2, deformed body
a: Upheaval, Elemental Force, Disaster Area, Renounce Religion


You were on level 2 of the Snake Pit.
You worshipped Qazlal.
Qazlal was exalted by your worship.
You were not hungry.

You visited 5 branches of the dungeon, and saw 26 of its levels.
You also visited: Ossuary, Bailey and Ice Cave.

You collected 2894 gold pieces.
You spent 732 gold pieces at shops.

Inventory:

Hand Weapons
 a - the +7 battleaxe of Eternal Vigilance (weapon) {chop, Str+7}
   (You took it off an orc warrior in a bailey)

   It inflicts extra damage upon your enemies.
   It affects your strength (+7).
Armour
 c - a +0 hat of magic resistance (worn)
 e - a +2 cloak (worn)
 p - a +2 plate armour of fire resistance (worn)
 v - a +2 shield
 J - the +0 pair of gloves of Subjectivity (worn) {rC++}
   (You found it in a bailey)

   It greatly protects you from cold.
 P - the +0 pair of boots "Keibban" (worn) {rElec Int+4}
   (You bought it in a shop on level 2 of the Orcish Mines)

   It affects your intelligence (+4).
   It insulates you from electricity.
 Y - the +3 ring mail of the Valley of Death {rC+ Regen+ Str+2}
   (You found it on level 15 of the Dungeon)

   It affects your strength (+2).
   It protects you from cold.
   It increases your rate of regeneration.
Jewellery
 i - an uncursed ring of protection from fire
 k - the ring "Luuppifi" (left hand) {-Tele rElec rF+ Str+3 Stlth+}
   (You found it on level 2 of the Lair of Beasts)

   [ring of stealth]

   It affects your strength (+3).
   It protects you from fire.
   It insulates you from electricity.
   It prevents most forms of teleportation.
   It makes you more stealthy.
 m - the ring "Xaumew" (right hand) {Wiz rF+ Slay+4 Stlth-}
   (You found it on level 1 of the Snake Pit)

   [ring of wizardry]

   It improves your spell success rate.
   It affects your accuracy and damage with ranged weapons and melee attacks
   (+4).
   It protects you from fire.
   It makes you less stealthy.
 t - an uncursed ring of resist corrosion
 K - an uncursed ring of flight
 X - the amulet of Vusuc (around neck) {Reflect rF+ MP-9 Int+6 SH+4 SInv}
   (You found it on level 12 of the Dungeon)

   [amulet of reflection]

   It shields you and reflects attacks.
   It affects your intelligence (+6).
   It protects you from fire.
   It affects your magic capacity (-9).
   It lets you see invisible.
   It affects your SH (+4).
 Z - an uncursed ring of stealth
Wands
 M - a wand of disintegration (8/24)
Scrolls
 b - a scroll of enchant armour
 l - a scroll of magic mapping
 n - 7 scrolls of remove curse
 u - 3 scrolls of teleportation
 y - 5 scrolls of enchant weapon
 B - 4 scrolls of fear
 C - 2 scrolls of holy word
 G - a scroll of summoning
 H - a scroll of silence
 L - 5 scrolls of identify
 O - a scroll of torment {unknown}
 V - 3 scrolls of recharging
Potions
 d - 10 potions of might
 h - 2 potions of agility
 j - 3 potions of curing
 o - 5 potions of flight
 r - 2 potions of magic
 s - 2 potions of berserk rage
 w - 2 potions of cancellation
 z - 4 potions of brilliance
 E - a potion of cure mutation
 F - 2 potions of haste
 Q - 5 potions of heal wounds
 S - a potion of resistance {unknown}
 U - a potion of ambrosia {unknown}
Books
 A - a book of Minor Magic

   Spells                             Type                      Level
   a - Magic Dart                     Conjuration                  1
   b - Blink                          Translocation                2
   c - Call Imp                       Summoning                    2
   d - Repel Missiles                 Charms/Air                   2
   e - Slow                           Hexes                        2
   f - Conjure Flame                  Conjuration/Fire             3
   g - Mephitic Cloud                 Conjuration/Poison/Air       3
 I - a book of Changes

   Spells                             Type                      Level
   a - Beastly Appendage              Transmutation                1
   b - Sticks to Snakes               Transmutation                2
   c - Spider Form                    Transmutation/Poison         3
   d - Ice Form                       Ice/Transmutation            4
   e - Blade Hands                    Transmutation                5
 N - a book of Air

   Spells                             Type                      Level
   a - Shock                          Conjuration/Air              1
   b - Swiftness                      Charms/Air                   2
   c - Repel Missiles                 Charms/Air                   2
   d - Static Discharge               Conjuration/Air              3
   e - Lightning Bolt                 Conjuration/Air              5
 T - Sif Muna's Compendium of Execration
   (You found it on level 1 of the Orcish Mines)

   Spells                             Type                      Level
   a - Confusing Touch                Hexes                        1
 W - a book of Clouds

   Spells                             Type                      Level
   a - Mephitic Cloud                 Conjuration/Poison/Air       3
   b - Conjure Flame                  Conjuration/Fire             3
   c - Poisonous Cloud                Conjuration/Poison/Air       6
   d - Freezing Cloud                 Conjuration/Ice/Air          6
   e - Ring of Flames                 Charms/Fire                  7
Comestibles
 f - 14 bread rations
 g - 5 meat rations


   Skills:
 * Level 14.4 Fighting
   Level 0.7(3.1) Short Blades
   Level 5.4 Long Blades
 * Level 22.1 Axes
 * Level 14.4 Armour
 * Level 12.6 Dodging
 + Level 3.1 Stealth
 - Level 7.1 Shields
 + Level 2.5 Spellcasting
 + Level 2.5 Invocations
 + Level 2.8 Evocations


You had 20 spell levels left.
You didn't know any spells.

Dungeon Overview and Level Annotations

Branches:
Dungeon (15/15)            Temple (1/1) D:4            Lair (6/6) D:8
 Shoals (0/4) Lair:4        Snake (2/4) Lair:2        Slime (0/5) Lair:5
    Orc (2/2) D:11            Elf (0/3) Orc:2        Vaults (0/5) D:13
 Depths (0/5) D:15

Altars:
Ashenzari
Cheibriados
Dithmenos
Elyvilon
Fedhas
Gozag
Hepliaklqana
Kikubaaqudgha
Makhleb
Nemelex Xobeh
Okawaru
Qazlal
Ru
Sif Muna
Trog
Uskayaw
Vehumet
Xom
Yredelemnul
Zin
The Shining One
Beogh

Shops:
D:7 %   D:11 *!   D:12 *   D:15 [   Orc:2 !(([=


Innate Abilities, Weirdness & Mutations

You reflexively headbutt those who attack you in melee.
You have a pair of horns on your head.
Armour fits poorly on your strangely shaped body.


Message History

You are too injured to fight recklessly!
You feel much better.
The nagaraja hits you from afar with a spear!
The shock serpent shoots out a bolt of lightning at you!
The bolt of electricity misses you.
You hit the shock serpent. You headbutt the shock serpent.
The shock serpent is severely wounded.
The shock serpent's electric aura discharges, shocking you!
The nagaraja hits you but does no damage.
The shock serpent barely misses you.
You slice the shock serpent!!
You kill the shock serpent!
Qazlal accepts your kill.
The air sparks with electricity, shocking you!
* * * LOW HITPOINT WARNING * * *
You hear an angry hiss.
The nagaraja points at you and mumbles some strange words.
The poison arrow hits you!
You are poisoned.
You die...

..........#
....####..# . #
#.<#††# #
###.#.....##.#####
.......))..)......
######§)......####
#)######## #)# #@#
#†# #N# .N. ...
#####


You could see a nagaraja and a naga mage.

Vanquished Creatures
  Frances (D:14)
  A frost giant (IceCv)
  2 orc warlords
  2 entropy weavers (Lair:6)
  Nessos (Orc:2)
  A fire dragon (Lair:6)
  8 naga warriors
  7 vault guards
  10 hydras
  3 centaur warriors
  2 catoblepae
  A death yak (Lair:4)
  4 anacondas (Snake:1)
  A queen ant (Lair:6)
  Erica (D:8)
  3 tengu warriors (D:14)
  A vampire mage (D:15)
  A naga sharpshooter (Snake:1)
  2 orc high priests (Orc:2)
  2 shock serpents (Snake:2)
  2 skeletal warriors (D:15)
  2 wizards (D:15)
  An unseen horror (shapeshifter) (D:15)
  4 unseen horrors
  2 naga ritualists
  4 hill giants
  A tengu zombie (D:15)
  A lindwurm (Lair:6)
  A necromancer (D:15)
  A tengu skeleton (D:15)
  9 mana vipers
  A manticore (D:11)
  4 orc knights
  2 cyclopes
  An ugly thing (D:13)
  A deep elf mage (D:12)
  4 salamanders
  9 elephants
  3 sirens (Lair:4)
  An ice statue (IceCv)
  A stone giant skeleton (D:15)
  4 guardian serpents
  22 black mambas
  2 gargoyles (D:13)
  3 molten gargoyles (Lair:6)
  5 naga magi
  A torpor snail (Lair:6)
  3 rime drakes (Lair:6)
  9 spiny frogs
  2 kobold demonologists
  13 komodo dragons
  13 trolls
  A merfolk (Lair:4)
  A hornet (D:9)
  17 polar bears
  3 two-headed ogres
  16 hippogriffs
  7 slime creatures
  20 blink frogs
  A meliai zombie (D:12)
  10 dream sheep (Lair:6)
  A snapping turtle (shapeshifter) (D:15)
  3 shadows
  A spriggan (D:7)
  2 wraiths
  6 basilisks
  8 wyverns
  44 yaks
  A steam dragon (Lair:6)
  2 hungry ghosts
  2 vampire mosquitoes (D:14)
  A human zombie (D:15)
  18 nagas
  4 wargs
  6 soldier ants
  18 water moccasins
  6 hell hounds (Lair:6)
  35 orc warriors
  7 porcupines
  6 ice beasts
  2 sky beasts
  A black bear (D:7)
  17 wolves
  2 eyes of draining
  A necrophage (D:11)
  6 ogres
  3 phantoms
  9 centaurs
  10 crocodiles
  A big kobold (D:12)
  A wyvern zombie (Ossuary)
  14 bullfrogs
  A gnoll sergeant (D:9)
  A wyvern skeleton (D:9)
  4 scorpions
  2 water moccasin zombies (Ossuary)
  8 wights
  13 killer bees
  2 electric eels
  3 bullfrog zombies (Ossuary)
  5 lava snakes (Lair:6)
  7 crimson imps
  8 howler monkeys
  3 centaur zombies
  3 quasits
  18 orc priests
  Crazy Yiuf (D:7)
  4 hounds
  3 jellies
  5 centaur skeletons
  6 iguanas
  41 orc wizards
  18 worker ants
  A killer bee zombie (Ossuary)
  3 hound zombies (Ossuary)
  16 mummies (Ossuary)
  3 worker ant zombies
  A howler monkey zombie (Ossuary)
  23 adders
  8 gnolls
  4 shadow imps
  An ooze (D:4)
  2 adder zombies
  4 adder skeletons
  2 worms (D:4)
  2 dart slugs
  3 leopard geckos (D:1)
  125 orcs
  4 giant cockroaches
  5 goblins
  6 hobgoblins
  11 jackals
  17 kobolds
  6 quokkas
  4 ball pythons
  5 bats
  5 frilled lizards
  A giant cockroach zombie (Ossuary)
  A goblin zombie (D:6)
  A leopard gecko skeleton (D:5)
  2 quokka zombies
  3 rats
  A butterfly (D:2)
  22 fungi
  11 plants
  4 withered plants (Ossuary)
963 creatures vanquished.

Vanquished Creatures (others)
  5 dream sheep (D:8)
  A naga (Snake:1)
  A fungus (Lair:6)
  8 plants
  4 withered plants
19 creatures vanquished.

Grand Total: 982 creatures vanquished

Notes
Turn   | Place    | Note
-------+----------+-------------------------------------------
     0 | D:1      | greprep the Minotaur Fighter began the quest for the Orb.
     0 | D:1      | Reached XP level 1. HP: 19/19 MP: 0/0
   242 | D:1      | Reached XP level 2. HP: 27/27 MP: 1/1
   518 | D:1      | Reached skill level 3 in Axes
   714 | D:1      | Reached XP level 3. HP: 33/33 MP: 2/2
   793 | D:2      | Found a shimmering altar of Xom.
   885 | D:2      | Found a glowing golden altar of the Shining One.
  1818 | D:3      | Reached skill level 1 in Dodging
  1818 | D:3      | Reached XP level 4. HP: 39/40 MP: 3/3
  2348 | D:3      | Reached skill level 4 in Axes
  2595 | D:3      | Reached XP level 5. HP: 35/46 MP: 4/4
  2862 | D:4      | Got a faintly glowing short sword
  2863 | D:4      | Identified the cursed +1 short sword of Qonae {pierce, Fragile +Blink rF+ Str+2} (You found it on level 4 of the Dungeon)
  3179 | D:4      | Reached XP level 6. HP: 26/53 MP: 5/5
  3405 | D:4      | Found a deep blue altar of Sif Muna.
  3749 | D:4      | Reached skill level 5 in Axes
  3980 | D:4      | Found a staircase to the Ecumenical Temple.
  4224 | Temple   | Entered the Ecumenical Temple
  4261 | Temple   | Became a worshipper of Qazlal Stormbringer
  4461 | D:5      | Entered Level 5 of the Dungeon
  5097 | D:5      | Reached skill level 5 in Armour
  5097 | D:5      | Reached skill level 5 in Shields
  5368 | D:5      | Found a bloodstained altar of Trog.
  5533 | D:5      | Found a white marble altar of Elyvilon.
  5533 | D:5      | Found a bloodstained altar of Trog.
  5534 | D:5      | Found a blossoming altar of Fedhas.
  5617 | D:5      | Found a hazy altar of Hepliaklqana.
  5795 | D:6      | Reached skill level 1 in Stealth
  5795 | D:6      | Reached XP level 7. HP: 58/60 MP: 6/6
  5898 | D:6      | Found a sand-covered staircase.
  6047 | Ossuary  | Entered an ossuary
  6076 | Ossuary  | Reached skill level 6 in Axes
  6178 | Ossuary  | Reached skill level 7 in Axes
  6196 | Ossuary  | Reached * piety under Qazlal
  6196 | Ossuary  | Reached XP level 8. HP: 32/67 MP: 7/7
  6374 | Ossuary  | Reached skill level 8 in Axes
  6383 | Ossuary  | Reached skill level 5 in Fighting
  7046 | D:6      | Reached skill level 9 in Axes
  7177 | D:6      | Reached ** piety under Qazlal
  7875 | D:7      | Found a runed door.
  7941 | D:7      | Reached skill level 10 in Axes
  7941 | D:7      | Reached XP level 9. HP: 43/74 MP: 8/8
  8104 | D:7      | Found Lodeerim's Food Shoppe.
  8899 | D:7      | Noticed Crazy Yiuf
  8903 | D:7      | Killed Crazy Yiuf
  8942 | D:8      | Noticed Erica
  8955 | D:8      | Killed Erica
  8955 | D:8      | Reached skill level 11 in Axes
  9211 | D:8      | Reached skill level 5 in Dodging
  9216 | D:8      | Reached skill level 1 in Long Blades
  9625 | D:8      | Found a blossoming altar of Fedhas.
  9656 | D:8      | Found a shimmering altar of Xom.
 10146 | D:8      | Found a staircase to the Lair.
 10394 | D:9      | Reached XP level 10. HP: 81/84 MP: 9/9
 10489 | D:9      | Reached *** piety under Qazlal
 10627 | D:9      | Reached skill level 5 in Long Blades
 10660 | D:9      | Found a flagged portal.
 10725 | Bailey   | Entered a bailey
 11094 | Bailey   | Noticed an orc knight
 11117 | Bailey   | Got a blackened battleaxe {chop}
 11126 | Bailey   | Identified the +7 battleaxe of Eternal Vigilance {chop, Str+7} (You took it off an orc warrior in a bailey)
 11361 | Bailey   | Reached skill level 12 in Axes
 11361 | Bailey   | Reached XP level 11. HP: 79/92 MP: 9/13
 11374 | Bailey   | Got a pair of heavily runed gloves
 11380 | Bailey   | Identified the cursed +0 pair of gloves of Subjectivity {rC++} (You found it in a bailey)
 11882 | Bailey   | Killed an orc knight
 12039 | D:9      | Found a hide-covered altar of Uskayaw.
 12213 | D:9      | Found a sacrificial altar of Ru.
 12470 | D:9      | Reached **** piety under Qazlal
 12786 | D:10     | Entered Level 10 of the Dungeon
 12873 | D:10     | Reached skill level 13 in Axes
 12922 | D:10     | Reached skill level 10 in Armour
 13590 | D:11     | Found a staircase to the Orcish Mines.
 13692 | D:11     | Found Onleph's Assorted Antiques.
 13705 | D:11     | Bought a potion of heal wounds for 145 gold pieces
 13722 | D:11     | Found Puituck's Distillery.
 13960 | D:11     | Noticed a hill giant
 13965 | D:11     | Killed a hill giant
 13965 | D:11     | Reached XP level 12. HP: 103/103 MP: 14/14
 13978 | D:11     | Got a faintly glowing arbalest
 14184 | D:12     | Reached skill level 14 in Axes
 14188 | D:12     | Got a bound ivory amulet
 14384 | D:12     | Identified the amulet of Vusuc {Reflect rF+ MP-9 Int+6 SH+4 SInv} (You found it on level 12 of the Dungeon)
 14773 | D:12     | Noticed a centaur warrior
 14773 | D:12     | Reached ***** piety under Qazlal
 14781 | D:12     | Killed a centaur warrior
 14791 | D:12     | Found Vuogubul's Demolitions Depot.
 14894 | D:12     | Reached skill level 15 in Axes
 15374 | D:13     | Noticed a vault guard
 15374 | D:13     | Noticed a vault guard
 15375 | D:13     | Noticed a vault guard
 15375 | D:13     | Noticed a vault guard
 15376 | D:13     | Noticed a vault guard
 15376 | D:13     | Noticed a vault guard
 15382 | D:13     | Noticed a vault guard
 15384 | D:13     | Noticed a vault guard
 15409 | D:12     | Killed a vault guard
 15690 | D:12     | Killed a vault guard
 16111 | D:11     | Killed a vault guard
 16286 | D:13     | Killed a vault guard
 16293 | D:13     | Killed a vault guard
 16293 | D:13     | Reached skill level 16 in Axes
 16296 | D:13     | Killed a vault guard
 16299 | D:13     | Killed a vault guard
 16299 | D:13     | Reached XP level 13. HP: 86/111 MP: 6/15
 16680 | D:13     | Found a gate to the Vaults.
 17245 | D:14     | Noticed Frances
 17256 | D:14     | Killed Frances
 17558 | D:14     | Found a white marble altar of Elyvilon.
 17615 | D:14     | Reached skill level 17 in Axes
 17794 | D:14     | Reached skill level 10 in Dodging
 18187 | D:15     | Entered Level 15 of the Dungeon
 18199 | D:15     | Reached skill level 10 in Fighting
 18449 | D:15     | Reached skill level 18 in Axes
 18877 | D:15     | Reached ****** piety under Qazlal
 18886 | D:15     | Reached XP level 14. HP: 64/121 MP: 7/16
 19134 | D:15     | Got a faintly glowing ring mail
 19146 | D:15     | Identified the +3 ring mail of the Valley of Death {rC+ Regen+ Str+2} (You found it on level 15 of the Dungeon)
 19243 | D:15     | Found a staircase to the Depths.
 19532 | D:15     | Found Oklucroi's Antique Armour Shoppe.
 19540 | D:15     | Bought a glowing hat for 180 gold pieces
 19548 | D:15     | Identified the +8 arbalest "Litugyqu" {elec, *Contam Int+8} (You found it on level 11 of the Dungeon)
 19591 | D:15     | Gained mutation: Armour fits poorly on your strangely shaped body. [mutagenic glow]
 19913 | Lair:1   | Entered Level 1 of the Lair of Beasts
 20003 | Lair:1   | Found a frozen archway.
 20014 | IceCv    | Entered an ice cave
 20077 | IceCv    | Reached skill level 19 in Axes
 20353 | IceCv    | Noticed a frost giant
 20366 | IceCv    | Killed a frost giant
 21608 | Lair:2   | Found a staircase to the Snake Pit.
 21710 | Lair:2   | Got a sparkling glass ring
 21942 | Lair:2   | Identified the ring "Luuppifi" {-Tele rElec rF+ Str+3 Stlth+} (You found it on level 2 of the Lair of Beasts)
 23142 | Lair:4   | Reached skill level 20 in Axes
 23505 | Lair:4   | Found a staircase to the Shoals.
 24030 | Lair:5   | Reached XP level 15. HP: 130/130 MP: 8/17
 24561 | Lair:5   | Found a staircase to the Slime Pits.
 24849 | Lair:6   | Entered Level 6 of the Lair of Beasts
 25165 | Lair:6   | Reached skill level 21 in Axes
 25177 | Lair:6   | Found a large runed door.
 25379 | Lair:6   | Found a large runed door.
 26533 | Lair:6   | Got a translucent chain mail
 26544 | Lair:6   | Identified the +8 chain mail of Ethics {rCorr} (You found it on level 6 of the Lair of Beasts)
 27004 | Orc:1    | Entered Level 1 of the Orcish Mines
 27018 | Orc:1    | Noticed an orc warlord
 27109 | Orc:1    | Killed an orc warlord
 27419 | Orc:2    | Entered Level 2 of the Orcish Mines
 27458 | Orc:2    | Found a roughly hewn altar of Beogh.
 27461 | Orc:2    | Found Lewuebecw's Distillery.
 27470 | Orc:2    | Noticed Nessos
 27477 | Orc:2    | Killed Nessos
 27495 | Orc:2    | Bought a potion of heal wounds for 85 gold pieces
 27495 | Orc:2    | Bought a potion of heal wounds for 85 gold pieces
 27585 | Orc:2    | Found a staircase to the Elven Halls.
 27602 | Orc:2    | Noticed an orc warlord
 27618 | Orc:2    | Found a roughly hewn altar of Beogh.
 27637 | Orc:2    | Killed an orc warlord
 28193 | Orc:2    | Found a roughly hewn altar of Beogh.
 28229 | Orc:2    | Found Qocoucsul's Weapon Shop.
 28306 | Orc:2    | Found a roughly hewn altar of Beogh.
 28345 | Orc:2    | Found a roughly hewn altar of Beogh.
 28471 | Orc:2    | Found Vayschat's Antique Weapon Emporium.
 28472 | Orc:2    | Found a roughly hewn altar of Beogh.
 28475 | Orc:2    | Found Rabar's Antique Armour Shoppe.
 28491 | Orc:2    | Bought a pair of pitted boots for 237 gold pieces
 28501 | Orc:2    | Identified the +0 pair of boots "Keibban" {rElec Int+4} (You bought it in a shop on level 2 of the Orcish Mines)
 28686 | Orc:2    | Found Siac's Jewellery Shoppe.
 28732 | Orc:2    | Found a roughly hewn altar of Beogh.
 28794 | Orc:2    | Found a roughly hewn altar of Beogh.
 28940 | Orc:1    | Found a deep blue altar of Sif Muna.
 28989 | Orc:1    | Identified Sif Muna's Compendium of Execration
 29076 | Orc:1    | Reached XP level 16. HP: 144/144 MP: 9/18
 29476 | Snake:1  | Entered Level 1 of the Snake Pit
 31158 | Snake:1  | Reached skill level 22 in Axes
 31346 | Snake:1  | Got a translucent lead ring
 31361 | Snake:1  | Identified the ring "Xaumew" {Wiz rF+ Slay+4 Stlth-} (You found it on level 1 of the Snake Pit)
 31542 | Snake:2  | Killed from afar by a nagaraja

Skill      XL: |  1  2  3  4  5  6  7  8  9 10 11 12 13 14 15 16 |
---------------+-------------------------------------------------+-----
Shields        | 4 5 6 7 |  7.1
Axes           | 3 4 5 7 10 11 12 13 16 18 20 21 22 | 22.1
Armour         | 4 5 6 7 9 10 11 12 13 14 | 14.4
Fighting       | 4 5 6 7 8 9 10 11 13 14 | 14.4
Dodging        | 1 2 3 4 5 7 8 9 10 11 12 | 12.6
Stealth        | 1 2 3 |  3.1
Long Blades    | 3 5 |  5.4
Spellcasting   | 2 |  2.5
Invocations    | 2 |  2.5
Evocations     | 2 |  2.8
Short Blades   | |  0.7

Action                   |  1- 3 |  4- 6 |  7- 9 | 10-12 | 13-15 | 16-18 || total
-------------------------+-------+-------+-------+-------+-------+-------++-------
Melee: War axe           |   185 |    98 |   336 |       |       |       ||   619
       Headbutt          |    19 |    30 |    83 |    74 |   221 |    58 ||   485
       Short sword       |       |    75 |       |       |       |       ||    75
       Scimitar          |       |       |    55 |    55 |       |       ||   110
       Battleaxe         |       |       |       |   257 |   904 |   259 ||  1420
 Abil: Evoke Flight      |       |       |       |     2 |     1 |       ||     3
Evoke: Wand              |       |       |       |     2 |       |       ||     2
  Use: Scroll            |       |     2 |       |    18 |    21 |       ||    41
       Potion            |       |       |       |     3 |     3 |     8 ||    14
  Eat: Fruit             |     1 |     1 |     2 |     2 |    15 |       ||    21
       Chunk             |     1 |     1 |       |       |       |       ||     2
       Pizza             |     1 |       |     1 |       |     1 |     1 ||     4
       Meat ration       |       |     2 |     1 |     2 |     3 |     2 ||    10
       Beef jerky        |       |     1 |       |     1 |     2 |       ||     4
       Royal jelly       |       |       |     1 |       |       |       ||     1
       Bread ration      |       |       |     1 |     2 |     1 |       ||     4
Armor: Scale mail        |    53 |    60 |    93 |    32 |       |       ||   238
       Steam dragon scal |       |       |       |    61 |       |       ||    61
       Plate armour      |       |       |       |     3 |   115 |    48 ||   166
       Ring mail         |       |       |       |       |   136 |       ||   136
Dodge: Dodged            |    33 |    58 |   100 |   210 |   415 |    91 ||   907
       Deflected         |       |       |       |     6 |    35 |     8 ||    49
Block: Shield            |    59 |   100 |   154 |   124 |       |       ||   437
       Other             |       |       |       |    75 |   411 |   103 ||   589
       Reflection        |       |       |       |     7 |    17 |    10 ||    34
       Rpst.: Scimitar   |       |       |     4 |     9 |       |       ||    13
